 Dungeon Crawl Stone Soup version 0.30-b1-2-g02819fbbbe (webtiles) character file.

Game seed: 6418644591041848824

60650 nightchill the Schismatic (level 15, -10/100 HPs)
             Began as a Gargoyle Fighter on Jan 8, 2024.
             Was an Elder of Lugonu.
             Mangled by a spriggan rider
             ... wielding a +0 spear
              (17 damage)
             ... on level 1 of the Swamp on Jan 9, 2024.
             The game lasted 01:10:35 (25072 turns).

nightchill the Schismatic (Gargoyle Fighter)       Turns: 25072, Time: 01:10:36

Health: -10/100    AC: 33    Str: 28    XL:     15   Next: 0%
Magic:  20/24      EV: 12    Int:  8    God:    Lugonu [****..]
Gold:   1711       SH:  5    Dex:  9    Spells: 14/14 levels left

rFire   + . .        a - +2 dagger (distort)
rCold   . . .        c - +0 buckler
rNeg    + . .        R - +4 scale mail {rF+}
rPois   ∞            (no helmet)
rElec   +            (no cloak)
rCorr   +            r - +1 pair of gloves of the Stone Wall {Will+ rCorr Slay+2}
SInv    +            F - +1 pair of boots
Will    ++...        I - amulet of the acrobat Stlth
                     T - ring of see invisible
HPRegen 0.36/turn    (no ring)
MPRegen 0.19/turn

%: acrobat
@: flying
A: sickness immunity, AC +11, big wings, negative energy resistance 1,
electricity resistance, torment resistance 1, petrification resistance, talons
1, iridescent scales 2, low MP 1, MP-powered wands
a: Renounce Religion, Depart the Abyss, Banish, Corrupt


You were on level 1 of the Swamp.
You worshipped Lugonu.
Lugonu was greatly pleased with you.
You visited 4 branches of the dungeon, and saw 22 of its levels.
You visited the Abyss 1 time.
You also visited: Bailey.

You collected 2464 gold pieces.
You spent 753 gold pieces at shops.

Inventory:

Hand Weapons
 a - a +2 dagger of distortion (weapon)
 b - the +2 dagger of Resourcefulness {antimagic, Stlth+}
   (You acquired it on level 6 of the Dungeon)

   Stlth:     It makes you more stealthy.
 L - a +0 rapier
Missiles
 u - 3 silver javelins (quivered)
 O - 2 throwing nets
Armour
 c - a +0 buckler (worn)
 r - the +1 pair of gloves of the Stone Wall (worn) {Will+ rCorr Slay+2}
   (You acquired it on level 6 of the Dungeon)

   Slay:      It affects your accuracy & damage with ranged weapons and melee
   (+2).
   rCorr:     It protects you from acid and corrosion.
   Will:      It increases your willpower.
 F - a +1 pair of boots (worn)
 R - a +4 scale mail of fire resistance (worn)
Jewellery
 I - an amulet of the acrobat (around neck)
 T - a ring of see invisible (left hand)
 V - a +6 ring of strength
Wands
 q - a wand of digging (12)
 y - a wand of flame (49)
 B - a wand of roots (20)
 H - a wand of paralysis (11)
 J - a wand of light (10)
 X - a wand of mindburst (8)
Scrolls
 h - a scroll of enchant armour
 j - 5 scrolls of teleportation
 n - 2 scrolls of magic mapping
 p - 3 scrolls of fog
 s - 2 scrolls of noise {unknown}
 v - 2 scrolls of poison
 w - a scroll of immolation
 D - a scroll of brand weapon {unknown}
 E - 2 scrolls of amnesia
 G - 3 scrolls of vulnerability
 K - 4 scrolls of enchant weapon {unknown}
 P - 2 scrolls of torment
 Q - 3 scrolls of blinking
 S - a scroll of silence {unknown}
 W - a scroll of summoning
Potions
 d - 13 potions of might
 e - 3 potions of ambrosia
 f - 4 potions of mutation
 g - 9 potions of degeneration
 i - a potion of lignification
 k - 3 potions of berserk rage
 l - 9 potions of attraction
 m - 4 potions of brilliance
 o - 7 potions of cancellation
 t - 3 potions of haste
 x - 3 potions of flight
 z - 7 potions of curing
 A - 5 potions of heal wounds
 C - 2 potions of magic
 M - 3 potions of invisibility
 N - 2 potions of resistance


   Skills:
 + Level 13.9 Fighting
 - Level 10.0 Short Blades
 - Level 3.1 Maces & Flails
 - Level 12.0 Armour
 + Level 6.2 Dodging
 - Level 8.0 Shields
 * Level 15.6 Invocations


You had 14 spell levels left.
You didn't know any spells.
Your spell library contained the following spells:

 Spells                   Type           Power      Damage    Failure   Level
 Kiss of Death            Conj/Necr      0%         2d5       65%         1
 Necrotise                Necr           0%         1d4       65%         1
 Blink                    Tloc           0%         N/A       80%         2
 Lesser Beckoning         Tloc           0%         N/A       80%         2
 Momentum Strike          Conj/Tloc      0%         3d8       80%         2
 Call Canine Familiar     Summ           0%         N/A       95%         3
 Confusing Touch          Hex            0%         N/A       95%         3
 Dazzling Flash           Conj/Hex       0%         N/A       95%         3
 Portal Projectile        Hex/Tloc       0%         N/A       95%         3
 Tukima's Dance           Hex            0%         N/A       95%         3
 Vampiric Draining        Necr           0%         2d6       95%         3
 Volatile Blastmotes      Fire/Tloc      0%         2d10      95%         3
 Dispel Undead            Necr           0%         3d6       100%        4
 Iskenderun's Mystic Bla  Conj/Tloc      0%         2d3       100%        4
 Leda's Liquefaction      Hex/Erth       0%         N/A       100%        4
 Passage of Golubria      Tloc           0%         N/A       100%        4
 Agony                    Necr           0%         N/A       100%        5
 Yara's Violent Unravell  Hex/Tmut       0%         3d3       100%        5
 Starburst                Conj/Fire      0%         6d3       100%        6


Dungeon Overview and Level Annotations

Branches:
Dungeon (14/15)            Temple (0/1) D:6            Lair (5/5) D:8
  Swamp (1/4) Lair:2       Spider (0/4) Lair:3          Orc (2/2) D:12
    Elf (0/3) Orc:2        Vaults (0/5) D:13         Bailey (visited)
  Slime: Lair:4-5

Altars:
Ashenzari
Dithmenos
Elyvilon
Fedhas
Kikubaaqudgha
Makhleb
Nemelex Xobeh
Okawaru
Qazlal
Trog
Xom
Zin
The Shining One
Jiyva

Shops:
D:1 !   D:10 (   D:12 *   Orc:1 *(   Orc:2 ![=(

Portals:
Trove: D:10 (give 4 scrolls of fear)

Annotations:
D:5 2 runed translucent doors
D:7 exclusions: centaur and 1 more exclusion
D:10 corrupted, 5 transporters, Erica
D:14 corrupted
Lair:4 exclusion: 4 oklob plants
Orc:1 2 transporters
Orc:2 corrupted
Abyss:1 Fannar


Innate Abilities, Weirdness & Mutations

You are immune to sickness and miasma.
Your stone body is resilient. (AC +11)
You are immune to poison.
Your large and strong wings let you fly.
You resist negative energy. (rN+)
You are resistant to electric shocks. (rElec)
You are resistant to unholy torment.
You are immune to petrification.
You have sharp toenails.
You are mostly covered in iridescent scales. (AC +4)
Your magical capacity is low. (-10% MP)
You expend magic power (3 MP) to strengthen your wands.


Message History

Lugonu accepts your kill.
You have reached level 15!
Your experience leads to an increase in your attributes!
Increase (s)trength, (i)ntelligence, or (d)exterity?
You feel stronger. x2
You are too injured to fight recklessly!
You are too injured to fight recklessly!
You are too injured to fight recklessly!
You hit the spriggan rider.
The spriggan rider is lightly wounded.
The spriggan rider hits you but does no damage.
The spriggan rider hits you from afar with a +0 spear.
You hit the spriggan rider.
Space warps around the spriggan rider.
The spriggan rider is moderately wounded.
You hit the spriggan rider.
The spriggan rider is moderately wounded.
The spriggan rider hits you with a +0 spear!
* * * LOW HITPOINT WARNING * * *
The spriggan rider closely misses you.
You hit the spriggan rider.
Space warps around the spriggan rider.
The spriggan rider is moderately wounded.
You barely miss the spriggan rider.
The spriggan rider is moderately wounded.
The spriggan rider hits you with a +0 spear.
* * * LOW HITPOINT WARNING * * *
The spriggan rider hits you but does no damage.
You miss the spriggan rider.
The spriggan rider is moderately wounded.
You hit the spriggan rider.
The spriggan rider is heavily wounded.
The spriggan rider hits you with a +0 spear!!
* * * LOW HITPOINT WARNING * * *
The spriggan rider hits you from afar with a +0 spear!
* * * LOW HITPOINT WARNING * * *
Press: ? - help, Shift-Dir - straight line, f - spriggan rider
Aim: a spriggan rider, wielding a +0 spear (heavily wounded, chance to affect: 27%)
The spriggan rider is devoured by a tear in reality.
Lugonu claims a new guest.
The spriggan rider hits you from afar with a +0 spear!
You die...

♣♣~..♣♣~~~~~~♣~..
♣♣..♣~~~.~~~..♣♣♣. ♣♣
♣♣..♣..~~.~§~~..~.~ ♣~.
♣.~...~~~~.~.~~~~♣§
♣♣~♣♣.~~~~......♣~~~~~.
♣.~~♣.~~~...~~~~§.....~
~♣.}~~~~~..♣♣.~~~~)~.~~.
~§...§~~~..♣♣♣~.§.♣~.~..
.♣♣.)@$§♣♣ ♣♣.§~♣.~~.♣
♣"§~§~♣ ♣♣.♣♣♣§÷~♣
♣.~§i♣♣ ♣~♣ ♣.♣.♣ ♣~~~.♣
♣~♣♣♣.~~♣ ♣~~.~♣
♣.♣♣.§~[♣ ♣...♣~♣
♣.♣♣♣...♣ ♣..♣.~.♣ ♣.♣
♣♣~.♣ ♣.♣~~~.♣ ♣~♣ ♣~..
....~.~.♣ ♣~♣ ♣♣...


You could see a spriggan rider.

Vanquished Creatures
  Harold (Lair:2)
  A hydra (Swamp:1)
  2 ogre magi
  A two-headed ogre (Orc:1)
  3 goliath frogs (Swamp:1)
  A bog body (Swamp:1)
  A deep elf pyromancer (D:12)
  An orc knight (D:14)
  A cyclops (D:12)
  2 orc sorcerers
  A wolf spider (Lair:3)
  An ugly thing (D:13)
  Maurice (D:10)
  2 manticores
  3 elephants (Lair:2)
  A black mamba (Lair:3)
  5 cane toads
  An unseen horror (D:10)
  A kobold demonologist (D:10)
  4 komodo dragons
  An efreet (D:13)
  2 polar bears (Lair:3)
  8 trolls
  A tyrant leech (Swamp:1)
  4 blink frogs
  A hornet (Swamp:1)
  9 dream sheep (Lair:4)
  A slime creature (D:13)
  3 wraiths
  2 wyverns
  A spriggan (Swamp:1)
  2 shadows
  A basilisk (D:13)
  30 yaks
  Grum (D:9)
  A steam dragon (Lair:2)
  12 vampire mosquitoes
  5 swamp worms
  2 acid dragons
  11 water moccasins
  13 orc warriors
  A swamp drake (D:12)
  6 wolves
  10 centaurs
  10 ogres
  A phantom (D:4)
  4 kobold brigands
  3 bullfrogs
  4 scorpions
  A gnoll sergeant (D:11)
  10 wights
  5 killer bees (D:7)
  A howler monkey (D:9)
  2 hounds
  A jelly (D:7)
  12 orc priests
  2 iguanas
  16 orc wizards
  11 adders
  22 gnolls
  A shadow imp (D:5)
  3 white imps
  5 worms
  2 dart slugs
  67 orcs
  4 ball pythons
  6 endoplasms
  2 giant cockroaches (D:1)
  13 goblins
  7 hobgoblins
  4 jackals (D:1)
  13 kobolds
  4 quokkas
  9 bats
  7 frilled lizards
  6 rats
420 creatures vanquished.

Vanquished Creatures (others)
  Nessos (D:14)
  Erolcha (Orc:2)
  2 ogre magi (Orc:2)
  2 centaur warriors (D:14)
  8 two-headed ogres (Orc:2)
  Lodul (D:14)
  A manticore (D:14)
  3 ugly things (D:14)
  A kobold demonologist (D:10)
  2 bloated husks (Swamp:1)
  A steam dragon (D:10)
  2 orc warriors (Orc:2)
  16 ogres
  5 centaurs (D:14)
  A kobold brigand (D:10)
  3 orc wizards (Orc:2)
  4 orcs (Orc:2)
  3 kobolds (D:10)
  A bush (Lair:3)
  16 fungi
  17 plants
  13 starspawn tentacles
104 creatures vanquished.

Grand Total: 524 creatures vanquished

Notes
Turn   | Place    | Note
-------+----------+-------------------------------------------
     0 | D:1      | nightchill the Gargoyle Fighter began the quest for the
                  | Orb.
     0 | D:1      | Reached XP level 1. HP: 14/14 MP: 1/1
     9 | D:1      | Noticed a bullfrog
    96 | D:1      | Reached XP level 2. HP: 14/19 MP: 2/2
   226 | D:1      | Found Votwuiluu's Distillery.
   304 | D:1      | Reached XP level 3. HP: 24/24 MP: 3/3
   550 | Abyss:1  | Cast into level 1 of the Abyss (unwielding a weapon of
                  | distortion)
   595 | Abyss:1  | Noticed a large abomination
   612 | Abyss:1  | Found a corrupted altar of Lugonu.
   614 | Abyss:1  | Found a corrupted altar of Lugonu.
   614 | Abyss:1  | Found a corrupted altar of Lugonu.
   619 | Abyss:1  | Became a worshipper of Lugonu the Unformed
   619 | Abyss:1  | Reached * piety under Lugonu
   619 | Abyss:1  | Reached ** piety under Lugonu
   622 | D:1      | Escaped the Abyss
  1125 | D:2      | Found a faded altar of an unknown god.
  1183 | D:2      | Reached skill level 1 in Short Blades
  1183 | D:2      | Reached XP level 4. HP: 29/29 MP: 4/4
  1289 | D:2      | Reached skill level 1 in Invocations
  1752 | D:3      | Reached XP level 5. HP: 33/33 MP: 4/6
  1753 | D:3      | Gained mutation: You have hidden genetic potential. [potion
                  | of mutation]
  1753 | D:3      | Gained mutation: You are partially covered in iridescent
                  | scales. (AC +2) [potion of mutation]
  1753 | D:3      | Gained mutation: Your magical capacity is low. (-10% MP)
                  | [potion of mutation]
  1753 | D:3      | Gained mutation: You are mostly covered in iridescent
                  | scales. (AC +4) [potion of mutation]
  2045 | D:3      | Reached skill level 2 in Invocations
  2362 | D:4      | Identified the +0 robe of Kaorisurgh {rN+ rCorr Str-5
                  | Dex+4}
  2459 | D:4      | Noticed an ogre
  2474 | D:4      | Killed an ogre
  2475 | D:4      | Reached XP level 6. HP: 18/39 MP: 5/7
  2479 | D:4      | Gained mutation: You have sharp toenails. [hidden
                  | potential]
  2916 | D:4      | Found a glowing silver altar of Zin.
  2938 | D:4      | Reached skill level 5 in Fighting
  2938 | D:4      | Reached skill level 3 in Invocations
  2950 | D:4      | Reached XP level 7. HP: 44/44 MP: 8/8
  2954 | D:4      | Gained mutation: You expend magic power (3 MP) to
                  | strengthen your wands. [hidden potential]
  2954 | D:4      | Lost mutation: You have hidden genetic potential. [hidden
                  | potential expressed]
  3073 | D:5      | Entered Level 5 of the Dungeon
  3137 | D:5      | Reached *** piety under Lugonu
  3209 | D:5      | Noticed a two-headed ogre
  3213 | D:5      | Banished a two-headed ogre
  3214 | D:5      | Reached skill level 5 in Invocations
  3214 | D:5      | Reached XP level 8. HP: 27/52 MP: 4/10
  3468 | D:5      | Found a runed translucent door.
  3485 | D:5      | Found a runed translucent door.
  3508 | D:5      | Found a shadowy altar of Dithmenos.
  3576 | D:5      | Found a stormy altar of Qazlal.
  3576 | D:5      | Found a burning altar of Makhleb.
  4081 | D:6      | Found a staircase to the Ecumenical Temple.
  5011 | D:7      | Reached XP level 9. HP: 54/56 MP: 11/11
  5043 | D:7      | Found a white marble altar of Elyvilon.
  5172 | D:6      | Identified 3 scrolls of acquirement
  5172 | D:6      | Acquired the +1 pair of gloves of the Stone Wall {Will+
                  | rCorr Slay+2}
  5179 | D:6      | Acquired 431 gold pieces
  5180 | D:6      | Acquired the +2 dagger of Resourcefulness {antimagic,
                  | Stlth+}
  5438 | D:7      | Reached skill level 6 in Invocations
  5637 | D:7      | Found a bloodstained altar of Trog.
  5816 | D:7      | Found a glowing golden altar of the Shining One.
  5820 | D:7      | Found a broken altar of Ashenzari.
  5821 | D:7      | Found a sparkling altar of Nemelex Xobeh.
  5932 | D:8      | Noticed a troll
  5946 | D:8      | Banished a troll
  6280 | D:8      | Reached skill level 7 in Invocations
  6324 | D:8      | Reached XP level 10. HP: 59/64 MP: 8/13
  6646 | D:8      | Found a staircase to the Lair.
  6662 | D:8      | Found an iron altar of Okawaru.
  7045 | D:9      | Noticed Grum
  7338 | D:9      | Killed Grum
  7486 | D:9      | Found a blossoming altar of Fedhas.
  7508 | D:9      | Found an ancient bone altar of Kikubaaqudgha.
  7551 | D:9      | Reached skill level 8 in Invocations
  7722 | D:9      | Found a flagged portal.
  7725 | D:9      | Reached **** piety under Lugonu
  7741 | Bailey   | Entered a bailey
  8298 | D:9      | Reached skill level 10 in Short Blades
  8697 | D:10     | Entered Level 10 of the Dungeon
  8720 | D:10     | Found Mukurch's Weapon Emporium.
  8732 | D:10     | Noticed a kobold demonologist
  8734 | D:10     | Noticed a kobold demonologist
  8756 | D:10     | Noticed an orange demon
  8787 | D:10     | Killed a kobold demonologist
  8795 | D:10     | Corrupted D:10
  8795 | D:10     | Noticed a tentacled starspawn
  8795 | D:10     | Noticed an orange demon
  8795 | D:10     | Noticed a starcursed mass
  8795 | D:10     | Noticed a death drake
  8795 | D:10     | Noticed a smoke demon
  8795 | D:10     | Noticed a sixfirhy
  8795 | D:10     | Noticed an orange demon
  8796 | D:10     | Noticed a tentacled starspawn
  8798 | D:10     | Killed a kobold demonologist
  8998 | D:10     | Noticed a sixfirhy
  9001 | D:10     | Noticed a starcursed mass
  9158 | Lair:1   | Entered Level 1 of the Lair of Beasts
  9198 | Lair:1   | Reached skill level 5 in Armour
  9198 | Lair:1   | Reached XP level 11. HP: 54/72 MP: 15/15
  9380 | Lair:1   | Reached skill level 9 in Invocations
  9618 | Lair:1   | Reached skill level 10 in Fighting
 10847 | Lair:2   | Noticed Fannar
 10893 | Lair:2   | Banished Fannar
 10894 | Lair:2   | Reached skill level 5 in Shields
 11226 | Lair:2   | Noticed Harold
 11246 | Lair:2   | Killed Harold
 11247 | Lair:2   | Reached skill level 10 in Invocations
 11247 | Lair:2   | Reached XP level 12. HP: 68/79 MP: 17/17
 11507 | Lair:2   | Noticed a five-headed hydra
 11513 | Lair:2   | Banished a five-headed hydra
 11618 | Lair:2   | Found a staircase to the Swamp.
 12342 | Lair:3   | Noticed a seven-headed hydra
 12346 | Lair:3   | Banished a seven-headed hydra
 12461 | Lair:3   | Reached skill level 10 in Armour
 12709 | Lair:3   | Found a hole to the Spider Nest.
 12846 | Lair:3   | Found a dark tunnel.
 13021 | Lair:3   | Reached skill level 11 in Invocations
 13026 | Lair:3   | Reached skill level 1 in Dodging
 13138 | Lair:3   | Reached XP level 13. HP: 69/84 MP: 19/19
 14273 | Lair:4   | Found a frozen archway.
 14632 | Lair:4   | Found a viscous altar of Jiyva.
 15311 | Lair:5   | Entered Level 5 of the Lair of Beasts
 15544 | D:10     | Reached skill level 12 in Invocations
 15565 | D:10     | Found a portal to a secret trove of treasure.
 15860 | D:10     | Noticed Maurice
 15876 | D:10     | Killed Maurice
 15938 | D:10     | Found a transporter.
 15939 | D:10     | Noticed Erica
 15957 | D:10     | Found a transporter.
 15957 | D:10     | Found a transporter.
 15976 | D:10     | Found a transporter.
 16059 | D:10     | Found a transporter.
 16431 | D:11     | Found a shimmering altar of Xom.
 17515 | D:12     | Found Lystynicw's Assorted Antiques.
 17633 | D:12     | Bought a twisted dagger for 203 gold pieces
 17633 | D:12     | Identified the +7 dagger "Qepnad" {pain, Fly rN+} (You
                  | bought it in a shop on level 12 of the Dungeon)
 17701 | D:12     | Reached ***** piety under Lugonu
 17994 | D:12     | Found a staircase to the Orcish Mines.
 18537 | Orc:1    | Entered Level 1 of the Orcish Mines
 18686 | Orc:2    | Entered Level 2 of the Orcish Mines
 18695 | Orc:2    | Found a staircase to the Elven Halls.
 18730 | Orc:2    | Reached skill level 13 in Invocations
 19212 | Orc:1    | Found a transporter.
 19214 | Orc:1    | Found a transporter.
 19323 | Orc:1    | Noticed an orc warlord
 19323 | Orc:1    | Noticed a stone giant
 19431 | Orc:1    | Found Ypapiocs's Assorted Antiques.
 19687 | Orc:2    | Gained mutation: Your large and strong wings let you fly.
                  | [Gargoyle growth]
 19687 | Orc:2    | Reached XP level 14. HP: 73/92 MP: 21/21
 20308 | Orc:1    | Found Guggeapsi's Antique Weapon Shop.
 20792 | Orc:1    | Reached skill level 14 in Invocations
 21065 | Orc:2    | Corrupted Orc:2
 21065 | Orc:2    | Noticed a starcursed mass
 21065 | Orc:2    | Noticed a starcursed mass
 21065 | Orc:2    | Noticed a tentacled starspawn
 21085 | Orc:2    | Killed Erolcha
 21144 | Orc:2    | Found Qagifes's Antique Weapon Boutique.
 21144 | Orc:2    | Found Meicao's Jewellery Shoppe.
 21145 | Orc:2    | Found Eguxkinu's Antique Armour Shoppe.
 21145 | Orc:2    | Found Meyckuts's Distillery.
 21156 | Orc:2    | Bought a potion of heal wounds for 65 gold pieces
 21156 | Orc:2    | Bought a potion of heal wounds for 65 gold pieces
 21157 | Orc:2    | Bought an amulet of the acrobat for 420 gold pieces
 21721 | D:13     | Reached skill level 5 in Dodging
 22050 | D:13     | Identified the +3 chain mail "Agufy" {rPois rCorr Str+4
                  | Dex-2}
 22740 | D:13     | Found a gate to the Vaults.
 23292 | D:14     | Reached skill level 15 in Invocations
 23813 | D:14     | Noticed Nessos
 23818 | D:14     | Corrupted D:14
 23818 | D:14     | Noticed a profane servitor
 23818 | D:14     | Noticed a tentacled starspawn
 23818 | D:14     | Noticed a bone dragon
 23820 | D:14     | Noticed a cyan very ugly thing
 23821 | D:14     | Noticed Lodul
 23822 | D:14     | Noticed a purple very ugly thing
 23824 | D:14     | Killed Nessos
 23826 | D:14     | Killed Lodul
 23828 | D:14     | Noticed a purple very ugly thing
 23828 | D:14     | Noticed a white very ugly thing
 23829 | D:14     | Noticed a brown very ugly thing
 23848 | D:14     | Noticed a starcursed mass
 24203 | Swamp:1  | Entered Level 1 of the Swamp
 24309 | Swamp:1  | HP: 4/95 [something (4)]
 25065 | Swamp:1  | Reached XP level 15. HP: 54/100 MP: 24/24
 25072 | Swamp:1  | Mangled by a spriggan rider

Illustrated notes

Levels and vault maps discovered:
D:1:      evilmike_arrival_come_back, layout_basic, serial_shops,
          nicolae_shop_hallway_stairs
D:2:      layout_loops_ring, hellmonk_ecumenical_altar_run_dry
D:3:      layout_loops_ring
D:4:      layout_gridville, mainiacjoe_overflow_boulevard
D:5:      lemuel_insect_pit, layout_cave_pools, mainiacjoe_overflow_24_doors,
          gammafunk_temple_overflow_wave, lightli_sewer_entry_pipes
D:6:      layout_loops_corners, minmay_temple_entry_proselytizer
D:7:      nicolae_whirlpool, layout_basic, overflow_temple_1_default,
          trog_butcher_becter, minitemple
D:8:      layout_cave_pods, mainiacjoe_overflow_cross_hatched, lair_entry_dummy,
          serial_glass, glass_columns_b, glass_columns_c
D:9:      layout_basic, lemuel_tele_altar, nicolae_kikubaaqudgha_miasma_corner,
          lightli_bailey_entry_fortress, uniq_grum
D:10:     gammafunk_the_bubble [the_bubble_gammafunk_roulette], layout_basic,
          serial_shops, nicolae_shop_tiny_waterfront,
          nicolae_trove_entry_free_sample, uniq_maurice, uniq_erica
D:11:     layout_roguey, xom_teletrap_fun
D:12:     layout_gridville, erik_orc_1, serial_shops, nicolae_shop_statue_plus
D:13:     layout_basic, david_vaults_2
D:14:     layout_rooms, grunt_decor_arrowhead, uniq_lodul, uniq_nessos
Lair:1:   layout_regular_city, worms_lemuel
Lair:2:   layout_roguey, minmay_swamp_entry_swarm, infiniplex_staircase_pool_2,
          uniq_harold, uniq_fannar
Lair:3:   layout_gridlike, spider_nest_entry_rubble,
          nicolae_volcano_entry_s_turn, minmay_lair_oklob_bushes, minivault_26
Lair:4:   layout_layer_cave, minmay_slime_entry_oklob_enclosed,
          portal_ice_cave_rime
Lair:5:   evil_forest, layout_regular_city
Swamp:1:  layout_falls_marsh, nicolae_swamp_triple_paths, swamp_pool4
Orc:1:    gammafunk_beogh_shrine, layout_diamond_mine, serial_shops,
          nicolae_shop_overgrown_old_shop, nicolae_shop_advertising_works
          [nicolae_subvault_shop_adworks]
Orc:2:    st_orc_ogre_mass, layout_caves, uniq_erolcha

Skill      XL: |  1  2  3  4  5  6  7  8  9 10 11 12 13 14 |
---------------+-------------------------------------------+-----
Maces & Flails | 3 |  3.1
Fighting       | 4 5 6 8 9 10 11 12 13 | 13.9
Short Blades   | 1 2 3 4 6 8 10 | 10.0
Invocations    | 1 2 3 5 7 8 10 11 13 15 | 15.6
Armour         | 5 8 10 12 | 12.0
Shields        | 5 8 |  8.0
Dodging        | 1 4 6 |  6.2

Action                     |  1- 3 |  4- 6 |  7- 9 | 10-12 | 13-15 || total
---------------------------+-------+-------+-------+-------+-------++-------
  Melee: Flail             |    81 |       |       |       |       ||    81
         Dagger            |    29 |   125 |   274 |   830 |  1329 ||  2587
         Kick              |       |     5 |    34 |       |       ||    39
 Invoke: Depart the Abyss  |     1 |       |       |       |       ||     1
         Banish            |       |       |     3 |     9 |    15 ||    27
         Corrupt           |       |       |       |     1 |     2 ||     3
    Use: Potion            |       |     1 |       |     2 |     1 ||     4
         Scroll            |       |       |    11 |    11 |     7 ||    29
 Armour: Scale mail        |    66 |    64 |    38 |   132 |   564 ||   864
         Ring mail         |       |       |    82 |   227 |       ||   309
  Dodge: Dodged            |    89 |    38 |    98 |   308 |   544 ||  1077
  Block: Buckler           |    27 |    15 |    37 |   117 |   224 ||   420
